 Dungeon Crawl Stone Soup version 0.21-a0-227-g58a7c62 (webtiles) character file.

38 Gorglomux the Magician (level 3, 0/26 HPs)
             Began as a Gnoll Transmuter on Aug 30, 2017.
             Slain by a goblin
             ... wielding a cursed -2 hunting sling
              (3 damage)
             ... on level 2 of the Dungeon.
             The game lasted 00:03:10 (1574 turns).

Gorglomux the Magician (Gnoll Transmuter)           Turns: 1574, Time: 00:03:11

Health: 0/26       AC:  2    Str:  7    XL:     3   Next: 43%
Magic:  3/8        EV: 12    Int:  7    God:
Gold:   25         SH:  0    Dex:  7    Spells: 4/10 levels left

rFire    . . .     SeeInvis .     - Unarmed
rCold    . . .     Gourm    .   (no shield)
rNeg     . . .     Faith    .   b - +0 robe
rPois    .         Spirit   .   (no helmet)
rElec    .         Reflect  .   (no cloak)
rCorr    .         Harm     .   (no gloves)
MR       .....                  (boots currently unavailable)
Stlth    +.........             (no amulet)
HPRegen  0.08/turn              (no ring)
MPRegen  0.11/turn              (no ring)

@: lethally poisoned (0 -> -3), appendage (expiring), very slightly contaminated
A: unchanging attributes, fangs 1, talons 3, strong nose
a: End Transformation


You were on level 2 of the Dungeon.
You were hungry.
You had grown temporary talons.
You visited 1 branch of the dungeon, and saw 2 of its levels.

You collected 25 gold pieces.

Inventory:

Missiles
 a - 27 arrows
Armour
 b - a +0 robe (worn)
Scrolls
 E - a scroll of amnesia {unknown}
Potions
 A - a potion of curing {unknown}
 B - 2 potions of agility {unknown}
 D - 2 potions of lignification {unknown}
Books
 c - a book of Changes

   Spells                             Type                      Level
   a - Beastly Appendage              Transmutation                1
   b - Sticks to Snakes               Transmutation                2
   c - Spider Form                    Transmutation/Poison         3
   d - Ice Form                       Ice/Transmutation            4
   e - Blade Hands                    Transmutation                5
Comestibles
 d - a bread ration
 z - a meat ration


   Skills:
 - Level 1.3 Fighting
 - Level 2.6 Dodging
 - Level 4.0 Unarmed Combat
 + Level 4.1 Spellcasting
 + Level 4.0 Transmutations


You had 4 spell levels left.
You knew the following spells:

 Your Spells              Type           Power        Failure   Level  Hunger
a - Beastly Appendage     Tmut           #.....       6%          1    ##.....
b - Sticks to Snakes      Tmut           #.......     9%          2    ###....
c - Spider Form           Tmut/Pois      #.........   36%         3    ####...


Dungeon Overview and Level Annotations

Branches:
Dungeon (2/15)

Altars:


Innate Abilities, Weirdness & Mutations

Your physical attributes are unchanging.
You have very sharp teeth.
Your uncanny sense of smell can sniff out nearby items.
You have claws for feet.


Message History

You barely miss the bat! Your kick misses the butt!
The bat hits butt but does no damage!
The goblin shoots a sling bullet!
The sling bullet closely misses you!
You feel sick!
The bat barely misses butt!
The bat barely misses you! The goblin hits you but does no damage!
You see here a stone!
You beat the bat into a bloody pulp!
Your kick misses the bat!
The bat is severely wounded!
The bat hits you! x2
You butts the bat!
The bat is severely wounded!
The bat closely misses you!
The goblin hits you with a hunting sling! * * * don't die * * * * * * don't die
* * * You feel sick!
The bat completely misses you!
Your transformation is almost over!
The bat barely misses you!
The goblin hits you with a hunting sling! rip

#.......#
##########.......#
..
................#.##
∆.......s...........
#####.#...†(<....#
+......(.#(†...###
#####g#..#(....#
#...#g#..#.....#
#b..@.#..#.#+#.# ∆
###.####.#.# #.# #.
....#∆#.. #. ....#
###. #. .... #. #.
#.


You could see 2 goblins and a bat.

Vanquished Creatures
  An adder (D:2)
  2 dart slugs (D:1)
  A leopard gecko (D:1)
  3 bats (D:1)
  3 giant cockroaches (D:1)
  3 hobgoblins (D:1)
  A ball python (D:1)
  A frilled lizard (D:1)
  6 goblins
  A kobold (D:1)
22 creatures vanquished.

Notes
Turn   | Place    | Note
-------+----------+-------------------------------------------
     0 | D:1      | Gorglomux the Gnoll Transmuter began the quest for the Orb.
     0 | D:1      | Reached XP level 1. HP: 15/15 MP: 4/4
   483 | D:1      | Reached skill level 3 in Transmutations
   531 | D:1      | Reached XP level 2. HP: 20/21 MP: 4/6
  1097 | D:1      | Reached XP level 3. HP: 26/26 MP: 6/8
  1535 | D:1      | Learned a level 2 spell: Sticks to Snakes
  1539 | D:1      | Learned a level 3 spell: Spider Form
  1574 | D:2      | Slain by a goblin

Vault maps used:
D:1:      dpeg_arrival_rooms_a, serial_bayou_pond_c
D:2:      first_bread

Skill      XL: |  1  2  3 |
---------------+----------+-----
Transmutations | 3 4 |  4.0
Spellcasting   | 4 |  4.1
Fighting       | |  1.3
Dodging        | |  2.6
Unarmed Combat | |  4.0

Action                   || total
-------------------------++-------
Melee: Unarmed           ||    83
       Bite              ||     5
       Kick              ||     3
       Headbutt          ||     1
       Punch             ||     1
 Cast: Beastly Appendage ||    16
       Spider Form       ||     1
 Stab: Sleeping          ||     1
  Eat: Chunk             ||     2
Armor: Robe              ||    33
Dodge: Dodged            ||    64

Table legend:
 A = Spawn XP
 B = Non-spawn XP
 C = Spawn XP percentage of total XP
 D = Spawn monster count
 E = Non-spawn monster count
 F = Spawn count percentage of total count
 G = Total turns spent on level
                    A         B        C        D         E        F      G
               +---------+---------+-------+---------+---------+-------+---------
         Total |      12 |      43 |  21.8 |       5 |      17 |  22.7 |  1574
               +---------+---------+-------+---------+---------+-------+---------
           D:1 |      12 |      28 |  30.0 |       5 |      15 |  25.0 |  1550
           D:2 |       0 |      15 |   0.0 |       0 |       2 |   0.0 |    24
               +---------+---------+-------+---------+---------+-------+---------
